 Dungeon Crawl Stone Soup version 0.20.1-1-g8b1a95d (webtiles) character file.

693 Inkary the Cruncher (level 7, -1/56 HPs)
             Began as a Minotaur Gladiator on Oct 9, 2017.
             Slain by a bullfrog (2 damage)
             ... in a sewer.
             The game lasted 00:07:28 (4272 turns).

Inkary the Cruncher (Minotaur Gladiator)            Turns: 4272, Time: 00:07:29

Health: -1/56      AC:  3    Str: 22    XL:     7   Next: 37%
Magic:  6/6        EV: 10    Int:  5    God:
Gold:   202        SH:  0    Dex: 12    Spells: 6/6 levels left

rFire    . . .     SeeInvis .   s - +6 dagger "Concordance" {pierce, Str+2}
rCold    . . .     Gourm    .   (no shield)
rNeg     . . .     Faith    .   b - +0 leather armour
rPois    .         Spirit   .   c - +0 hat
rElec    .         Reflect  .   (no cloak)
rCorr    .         Harm     .   (no gloves)
MR       .....                  (no boots)
Stlth    +.........             (no amulet)
Regen    0.2/turn               (no ring)
MPRegen  0.1/turn               (no ring)

@: flying, constricted
A: retaliatory headbutt, horns 2
a: no special abilities


You were in a sewer.
You were not hungry.

You visited 1 branch of the dungeon, and saw 5 of its levels.
You also visited: Sewer.

You collected 202 gold pieces.

Inventory:

Hand Weapons
 a - a +0 quarterstaff
 s - the +6 dagger "Concordance" (weapon) {pierce, Str+2}
   (You found it on level 4 of the Dungeon)

   It inflicts extra damage upon your enemies.
   It affects your strength (+2).
Missiles
 d - a throwing net (quivered)
Armour
 b - a +0 leather armour (worn)
 c - a +0 hat (worn)
 r - a +0 shield
Scrolls
 e - a scroll of noise
 g - a scroll of teleportation
 m - a scroll of immolation
 p - 3 scrolls of remove curse
 q - a scroll of fog {unknown}
 t - 3 scrolls of recharging {unknown}
 x - a scroll of magic mapping
 y - a scroll of fear {unknown}
Potions
 i - a potion of agility {unknown}
 j - a potion of curing
 n - a potion of resistance {unknown}
 v - a potion of brilliance {unknown}
 w - 3 potions of magic
Comestibles
 f - 6 bread rations
 k - 4 meat rations
 l - 2 fruits
 o - 2 royal jellies


   Skills:
 - Level 2.4 Fighting
 + Level 10.3 Staves
 - Level 2.0 Throwing
 - Level 3.2 Dodging


You had 6 spell levels left.
You didn't know any spells.

Dungeon Overview and Level Annotations

Branches:
Dungeon (5/15)
 Temple: D:4-7

Altars:
Ashenzari
Cheibriados
Gozag
Nemelex Xobeh
Qazlal
Sif Muna
Trog
Uskayaw
Vehumet
Yredelemnul
The Shining One


Innate Abilities, Weirdness & Mutations

You reflexively headbutt those who attack you in melee.
You have a pair of horns on your head.


Message History

The ball python closely misses you.
* * * LOW HITPOINT WARNING * * *
The ball python constricts you. The bullfrog hits you.
* * * LOW HITPOINT WARNING * * *
The bullfrog hits you.
* * * LOW HITPOINT WARNING * * *
The adder bites you.
* * * LOW HITPOINT WARNING * * *
The ball python bites you but does no damage.
The adder closely misses you. You furiously retaliate!
You headbutt the adder.
You kill the adder!
You barely miss the adder.
The adder is moderately wounded.
The bullfrog hits you.
* * * LOW HITPOINT WARNING * * *
The bullfrog barely misses you. The ball python bites you.
* * * LOW HITPOINT WARNING * * *
The ball python constricts you. The adder bites you but does no damage.
The ball python closely misses you. The bullfrog hits you.
You die...

#####################
...≈≈≈≈≈S≈≈≈≈≈≈≈≈≈..###
..S≈≈≈≈#F@S≈≈≈≈≈≈≈≈...##
...≈≈≈≈≈#SF#≈≈≈≈≈≈≈....#
...≈≈≈≈≈JS≈≈≈≈≈≈≈≈.....#
..≈≈≈≈≈≈≈≈≈≈≈≈≈≈≈≈≈....##
...≈≈≈≈≈≈≈≈≈≈≈≈≈≈≈#.....#
####################....#
####...## #..#....#
#..'....#


You could see 2 bullfrogs, an ooze, an adder and 3 ball pythons.

Vanquished Creatures
  Sigmund (D:3)
  An ogre (D:4)
  A crimson imp (D:3)
  3 orc priests (D:4)
  A hound (D:4)
  2 orc wizards (D:4)
  7 adders
  A gnoll (D:1)
  6 river rats (Sewer)
  An ooze (D:1)
  2 worms
  9 orcs
  9 ball pythons (Sewer)
  5 giant cockroaches
  8 goblins
  4 hobgoblins
  4 kobolds
  3 quokkas
  8 bats
  6 frilled lizards
  A quokka skeleton (D:5)
  31 rats
114 creatures vanquished.

Notes
Turn   | Place    | Note
-------+----------+-------------------------------------------
     0 | D:1      | Inkary the Minotaur Gladiator began the quest for the Orb.
     0 | D:1      | Reached XP level 1. HP: 18/18 MP: 0/0
   123 | D:1      | Reached skill level 4 in Staves
   183 | D:1      | Reached XP level 2. HP: 19/25 MP: 1/1
   296 | D:1      | Reached skill level 5 in Staves
   429 | D:1      | Reached XP level 3. HP: 30/30 MP: 2/2
   909 | D:2      | Found a sparkling altar of Nemelex Xobeh.
  1552 | D:3      | Noticed Sigmund
  1615 | D:3      | Killed Sigmund
  1615 | D:3      | Reached skill level 7 in Staves
  1615 | D:3      | Reached XP level 4. HP: 16/37 MP: 3/3
  1615 | D:3      | Reached XP level 5. HP: 19/42 MP: 4/4
  1812 | D:3      | Found a hide-covered altar of Uskayaw.
  1818 | D:3      | Found a radiant altar of Vehumet.
  1819 | D:3      | Found a basalt altar of Yredelemnul.
  1821 | D:3      | Found a glowing golden altar of the Shining One.
  1823 | D:3      | Found an opulent altar of Gozag.
  2283 | D:3      | Reached skill level 8 in Staves
  2283 | D:3      | Reached XP level 6. HP: 49/50 MP: 5/5
  2326 | D:3      | Found a deep blue altar of Sif Muna.
  2326 | D:3      | Found a shattered altar of Ashenzari.
  2331 | D:3      | Found a faded altar of an unknown god.
  2340 | D:3      | Found a bloodstained altar of Trog.
  2341 | D:3      | Found a faded altar of an unknown god.
  2452 | D:4      | Reached skill level 9 in Staves
  2633 | D:4      | Reached XP level 7. HP: 23/56 MP: 6/6
  3037 | D:4      | Found a snail-covered altar of Cheibriados.
  3102 | D:4      | Found a stormy altar of Qazlal.
  3290 | D:4      | Got a scorched dagger
  3291 | D:4      | Identified the +6 dagger "Concordance" {pierce, Str+2} (You found it on level 4 of the Dungeon)
  3523 | D:5      | Entered Level 5 of the Dungeon
  3678 | D:5      | Found a glowing drain.
  3683 | Sewer    | Entered a sewer
  3753 | Sewer    | Reached skill level 10 in Staves
  4272 | Sewer    | HP: 2/56 [bullfrog (6)]
  4272 | Sewer    | Slain by a bullfrog

Skill      XL: |  1  2  3  4  5  6  7 |
---------------+----------------------+-----
Staves         | 4 5 7 8 9 10 | 10.3
Fighting       | |  2.4
Throwing       | |  2.0
Dodging        | |  3.2

Action                   |  1- 3 |  4- 6 |  7- 9 || total
-------------------------+-------+-------+-------++-------
Melee: Quarterstaff      |    70 |    76 |     8 ||   154
       Headbutt          |    13 |     7 |    11 ||    31
       Dagger            |       |       |    69 ||    69
Throw: Throwing net      |     2 |     2 |       ||     4
  Use: Potion            |     6 |       |     5 ||    11
       Scroll            |       |       |     5 ||     5
 Stab: Sleeping          |     1 |       |       ||     1
  Eat: Chunk             |     1 |     4 |     6 ||    11
Armor: Leather armour    |    14 |    12 |    17 ||    43
       Skin              |    28 |       |       ||    28
Dodge: Dodged            |    36 |    37 |    89 ||   162
